 Dungeon Crawl Stone Soup version 0.30-a0-737-gf23d94013f (webtiles) character file.

Game seed: 1114573331760558417

9541 Conn the Thaumaturge (level 11, -7/46 HPs)
             Began as a Felid Ice Elementalist on Feb 1, 2023.
             Was a Believer of Sif Muna.
             Mangled by a meliai
             ... wielding a +2 vampiric war axe
              (18 damage)
             ... on level 14 of the Dungeon on Feb 2, 2023.
             The game lasted 01:51:41 (20022 turns).

Conn the Thaumaturge (Felid Ice Elementalist)      Turns: 20022, Time: 01:51:42

Health: -7/46      AC:  3    Str: 12    XL:     11   Next: 24%
Magic:  14/27      EV: 19    Int: 20    God:    Sif Muna [**....]
Gold:   874        SH:  5    Dex: 16    Spells: 1/32 levels left
                                        Lives:  0   Deaths: 2

rFire   . . .      SeeInvis +      - Unarmed
rCold   + . .      Faith    .    (shield unavailable)
rNeg    . . .      Spirit   .    (body armour unavailable)
rPois   .          Reflect  +    (helmet unavailable)
rElec   +          Harm     .    (cloak unavailable)
rCorr   .          Rampage  .    (gloves unavailable)
Will    +....                    (boots unavailable)
Stlth   +++                      q - amulet of Jokh {Reflect rElec Str+4 SH+5}
HPRegen 0.27/turn                t - ring of ice
MPRegen 0.20/turn                v - ring of fire

@: unable to read, quick
A: very small, claws 1, fangs 3, see invisible, speed 1, shaggy fur 3, stealthy
paws, no weapons or thrown items, no armour, multi-lived, horns 1, robust 1,
strong 1, inability to read after injury 1, MP-powered wands
a: Renounce Religion, Channel Magic


You were on level 14 of the Dungeon.
You worshipped Sif Muna.
Sif Muna was pleased with you.
You visited 3 branches of the dungeon, and saw 17 of its levels.

You collected 1802 gold pieces.
You spent 928 gold pieces at shops.

Inventory:

Jewellery
 c - a ring of resist corrosion
 f - a ring of protection from cold
 k - a +5 ring of evasion
 m - an amulet of faith
 q - the amulet of Jokh (around neck) {Reflect rElec Str+4 SH+5}
   (You bought it in a shop on level 2 of the Orcish Mines)

   [amulet of reflection]

   It reflects blocked missile attacks.
   Str:       It affects your strength (+4).
   rElec:     It insulates you from electricity.
   SH:        It affects your SH (+5).
 s - a +6 ring of strength
 t - a ring of ice (left paw)
 v - a ring of fire (right paw)
 A - a ring of protection from cold
 C - a +5 ring of evasion
 D - an amulet of magic regeneration
 G - a +5 ring of evasion
 I - an amulet of reflection
 K - the ring of Yfewk {Fire *Slow rElec Int+4 Dex-4}
   (You bought it in a shop on level 2 of the Orcish Mines)

   [ring of fire]

   It enhances your fire magic.
   Int:       It affects your intelligence (+4).
   Dex:       It affects your dexterity (-4).
   rF:        It protects you from fire.
   rC:        It makes you vulnerable to cold.
   rElec:     It insulates you from electricity.
   *Slow:     It may slow you when you take damage.
Wands
 n - a wand of light (8)
 u - a wand of mindburst (7)
 y - a wand of paralysis (10)
 L - a wand of polymorph (5)
Scrolls
 d - a scroll of fear
 g - 7 scrolls of teleportation
 j - a scroll of amnesia
 p - a scroll of immolation
 r - a scroll of fog
 x - a scroll of poison
 z - a scroll of magic mapping
 F - 2 scrolls of identify
Potions
 a - a potion of magic
 b - 6 potions of attraction
 e - a potion of brilliance
 h - 3 potions of resistance
 i - 2 potions of mutation
 w - 5 potions of curing
 H - a potion of might
 J - a potion of flight


   Skills:
 + Level 1.1 Fighting
 + Level 5.0 Dodging
 + Level 5.8 Stealth
 + Level 2.3 Unarmed Combat
 + Level 11.3 Spellcasting
 + Level 5.4 Conjurations
 + Level 3.9 Hexes
 + Level 4.6 Summonings
 + Level 8.9 Fire Magic
 + Level 8.6 Ice Magic
 * Level 4.0 Air Magic
 + Level 8.0 Invocations
 + Level 0.6 Evocations


You had one spell level left.
You knew the following spells:

 Your Spells              Type           Power      Damage    Failure   Level
a - Freeze                Ice            100%       1d10      1%          1
b - Frozen Ramparts       Ice            100%       1d16      1%          3
c - Ozocubu's Armour      Ice            62%        N/A       1%          3
d - Flame Wave            Conj/Fire      57%        2d14      3%          4
e - Scorch                Fire           100%       2d10      1%          2
f - Summon Ice Beast      Ice/Summ       54%        N/A       4%          4
g - Stone Arrow           Conj/Erth      44%        3d9       6%          3
h - Hailstorm             Conj/Ice       56%        3d12      1%          3
i - Freezing Cloud        Conj/Ice/Air   26%        6-21      14%         5
j - Summon Guardian Gole  Hex/Summ       28%        N/A       3%          3

Your spell library contained the following spells:

 Spells                   Type           Power      Damage    Failure   Level
 Kiss of Death            Conj/Necr      88%        2d12      1%          1
 Slow                     Hex            100%       N/A       1%          1
 Summon Small Mammal      Summ           100%       N/A       1%          1
 Beastly Appendage        Tmut           22%        N/A       6%          1
 Call Imp                 Summ           30%        N/A       1%          2
 Call Canine Familiar     Summ           30%        N/A       2%          3
 Dazzling Flash           Conj/Hex       60%        N/A       2%          3
 Confusing Touch          Hex            27%        N/A       3%          3
 Tukima's Dance           Hex            27%        N/A       3%          3
 Wereblood                Tmut           11%        N/A       9%          2
 Fulminant Prism          Conj/Hex       15%        3d10      9%          4
 Metabolic Englaciation   Hex/Ice        26%        N/A       13%         5
 Spider Form              Tmut/Pois      11%        N/A       19%         3
 Vampiric Draining        Necr           11%        2d6       19%         3
 Anguish                  Hex/Necr       9%         N/A       26%         4
 Leda's Liquefaction      Hex/Erth       9%         N/A       26%         4
 Dispel Undead            Necr           11%        3d9       52%         4
 Summon Cactus Giant      Summ           15%        N/A       80%         6
 Simulacrum               Ice/Necr       21%        N/A       85%         6
 Blade Hands              Tmut           5%         N/A       86%         5
 Orb of Destruction       Conj           16%        9d7       99%         7
 Spellforged Servitor     Conj/Summ      15%        N/A       100%        7
 Lehudib's Crystal Spear  Conj/Erth      11%        10d4      100%        8
 Dragon's Call            Summ           15%        N/A       100%        9
 Polar Vortex             Ice            31%        N/A       100%        9
 Portal Projectile        Hex/Tloc       Unusable   N/A       N/A         3
 Animate Armour           Summ/Erth      Unusable   N/A       N/A         4

Dungeon Overview and Level Annotations

Branches:
Dungeon (14/15)            Temple (1/1) D:4            Lair (0/5) D:8
    Orc (2/2) D:9             Elf (0/3) Orc:2
 Vaults: D:13-14

Altars:
Ashenzari
Cheibriados
Dithmenos
Elyvilon
Fedhas
Gozag
Hepliaklqana
Kikubaaqudgha
Makhleb
Nemelex Xobeh
Okawaru
Qazlal
Ru
Sif Muna
Trog
Uskayaw
Vehumet
Wu Jian
Xom
Yredelemnul
Zin
The Shining One

Shops:
D:2 *   Orc:2 *=([


Innate Abilities, Weirdness & Mutations

You have sharp claws.
You have razor-sharp teeth.
You have supernaturally acute eyesight. (SInv)
You cover ground quickly. (Speed+)
Your thick and shaggy fur keeps you warm. (AC +3, rC+)
Your paws help you pounce on unaware monsters.
You are incapable of wielding weapons or throwing items.
You cannot wear armour.
You gain extra lives every three experience levels.
You have a pair of small horns on your head.
You are robust. (+10% HP)
Your muscles are strong. (Str +4, Int/Dex -1)
You occasionally lose the ability to read scrolls when taking damage.
You expend magic power (3 MP) to strengthen your wands.


Message History

The meliai is almost dead.
The flame wave engulfs the meliai!
The meliai is heavily wounded.
The meliai barely misses you. The meliai closely misses you.
The meliai barely misses you. The meliai misses you.
The meliai hits you with a +0 war axe! The meliai completely misses you.
A wave of flame ripples out!
The flame wave engulfs the meliai!
The meliai is severely wounded.
The flame wave engulfs the meliai!!
You kill the meliai!
Sif Muna accepts your kill.
The flame wave engulfs the meliai.
The meliai is almost dead.
You finish channelling waves of flame.
The meliai completely misses you. You block the meliai's attack.
The meliai closely misses you. You block the meliai's attack.
The meliai hits you with a +2 vampiric war axe!
You feel threatened and lose the ability to read scrolls!
* * * LOW HITPOINT WARNING * * *
The meliai draws strength from your wounds!
The meliai barely misses you.
The meliai calls upon its god to heal the meliai.
The meliai is healed somewhat.
Your Air Magic skill increases to level 4!
Okay, then.
You cannot read scrolls in your current state!
Unknown command.
Casting: Flame Wave (dangerous; 3% risk of failure)
Confirm with . or Enter, or press ? or * to list all spells.
Casting: Flame Wave (dangerous; 3% risk of failure)
Press: ? - help, Dir - look around, f - activate You feel a surge of power!
A wave of flame ripples out!
The flame wave engulfs the meliai!
The meliai is almost dead.
The flame wave engulfs the meliai!
You kill the meliai!
Sif Muna accepts your kill. (Press . to intensify the flame waves.)
The meliai hits you with a +2 vampiric war axe!!
You die...

## ..### #....
#... #### ...
.....##.# # ##
.##...))###.#..##
......y@)........
###...?.?##.....?
#.####.<...?... #
######...# #


You could see a meliai.

Vanquished Creatures
  Frances (D:13)
  2 boulder beetles
  3 two-headed ogres
  Nergalle (Orc:2)
  Lodul (D:10)
  Pikel (D:7)
  2 orc knights (Orc:2)
  A deep elf pyromancer (D:13)
  2 orc sorcerers (Orc:2)
  2 komodo dragons
  A kobold demonologist (D:9)
  2 meliai (D:14)
  2 trolls
  A shadow (D:11)
  19 yaks
  A wraith (D:10)
  A wyvern (D:8)
  A basilisk (D:8)
  3 steam dragons
  2 wargs
  3 vampire mosquitoes (D:11)
  25 orc warriors
  3 ice beasts
  3 black bears
  3 sky beasts
  8 ogres
  2 centaurs
  A lemure (D:7)
  A phantom (D:5)
  2 kobold brigands
  7 bullfrogs
  Blork the orc (D:5)
  6 scorpions
  A necrophage (D:7)
  A gnoll sergeant (D:10)
  5 wights (D:6)
  A nameless horror (D:9)
  5 howler monkeys
  4 hounds
  18 orc priests
  A jelly (D:6)
  2 gnoll boudas
  Crazy Yiuf (D:7)
  2 iguanas
  16 orc wizards
  22 gnolls
  3 adders
  2 shadow imps
  2 dart slugs
  70 orcs
  9 bats
  5 endoplasms
  4 giant cockroaches
  10 hobgoblins
  3 jackals (D:3)
  8 ball pythons
  5 frilled lizards
  9 goblins
  12 kobolds
  5 rats
340 creatures vanquished.

Vanquished Creatures (collateral kills)
  A two-headed ogre (D:9)
  An orc high priest (Orc:2)
  A komodo dragon (D:8)
  A hornet (D:8)
  A troll (Orc:1)
  2 yaks
  2 steam dragons
  4 orc warriors (Orc:2)
  2 ogres (D:10)
  A centaur (D:8)
  3 orc priests
  An orc wizard (Orc:2)
  11 orcs
31 creatures vanquished.

Vanquished Creatures (others)
  2 orc warlords (Orc:2)
  An orc knight (Orc:2)
  An orc sorcerer (Orc:2)
  An ugly thing (D:13)
  A troll (Orc:2)
  2 orc warriors (Orc:2)
  An orc priest (Orc:2)
  An orc (D:13)
10 creatures vanquished.

Grand Total: 381 creatures vanquished

Notes
Turn   | Place    | Note
-------+----------+-------------------------------------------
     0 | D:1      | Conn the Felid Ice Elementalist began the quest for the
                  | Orb.
     0 | D:1      | Reached XP level 1. HP: 7/7 MP: 4/4
   151 | D:1      | Reached XP level 2. HP: 11/11 MP: 1/6
   609 | D:1      | Reached XP level 3. HP: 13/14 MP: 7/7
   687 | D:1      | Learned a level 3 spell: Frozen Ramparts
  1215 | D:2      | Found Pelo's General Store.
  1220 | D:2      | Bought a potion of heal wounds for 70 gold pieces
  1418 | D:2      | Learned a level 3 spell: Ozocubu's Armour
  1914 | D:3      | Reached XP level 4. HP: 18/18 MP: 7/9
  2552 | D:3      | Reached skill level 1 in Unarmed Combat
  2631 | D:3      | Found a bloodstained altar of Trog.
  3010 | D:4      | Noticed a scorpion
  3016 | D:4      | Killed a scorpion
  3017 | D:4      | Reached skill level 3 in Spellcasting
  3017 | D:4      | Reached XP level 5. HP: 21/21 MP: 4/10
  3444 | D:4      | Learned a level 2 spell: Scorch
  3459 | D:4      | Gained mutation: You occasionally lose the ability to read
                  | scrolls when taking damage. [potion of mutation]
  3459 | D:4      | Gained mutation: You are robust. (+10% HP) [potion of
                  | mutation]
  3459 | D:4      | Gained mutation: You have hidden genetic potential. [potion
                  | of mutation]
  3459 | D:4      | Gained mutation: You have a pair of small horns on your
                  | head. [potion of mutation]
  3589 | D:4      | Reached skill level 4 in Spellcasting
  3589 | D:4      | Reached skill level 5 in Ice Magic
  3589 | D:4      | Gained mutation: You are covered in thick fur. (AC +2)
                  | [Felid growth]
  3589 | D:4      | Reached XP level 6. HP: 20/26 MP: 6/13
  3644 | D:4      | Found a staircase to the Ecumenical Temple.
  3659 | Temple   | Entered the Ecumenical Temple
  3678 | Temple   | Became a worshipper of Sif Muna the Loreminder
  3847 | D:5      | Entered Level 5 of the Dungeon
  3870 | D:5      | Reached skill level 1 in Fire Magic
  3886 | D:5      | Gained mutation: Your muscles are strong. (Str +4, Int/Dex
                  | -1) [hidden potential]
  3951 | D:5      | Reached skill level 1 in Invocations
  4074 | D:6      | Reached XP level 7. HP: 29/29 MP: 11/14
  4297 | D:6      | Reached skill level 5 in Spellcasting
  4308 | D:6      | Gained mutation: You expend magic power (3 MP) to
                  | strengthen your wands. [hidden potential]
  4308 | D:6      | Lost mutation: You have hidden genetic potential. [hidden
                  | potential expressed]
  4579 | D:5      | Noticed Blork the orc
  4691 | D:5      | Reached XP level 8. HP: 34/34 MP: 7/16
  4833 | D:5      | Reached * piety under Sif Muna
  5101 | D:5      | Learned a level 4 spell: Summon Ice Beast
  5151 | D:5      | Identified the +9 spear "Qychut" {heavy, rC+ Str+2 Dex+4}
  5275 | D:5      | Found an iron altar of Okawaru.
  5418 | D:5      | Killed Blork the orc
  5746 | D:6      | Learned a level 4 spell: Flame Wave
  5748 | D:6      | Reached skill level 1 in Summonings
  5984 | D:6      | Found a broken altar of Ashenzari.
  5999 | D:6      | Found an ancient bone altar of Kikubaaqudgha.
  6132 | D:6      | Reached skill level 6 in Spellcasting
  6418 | D:6      | Reached XP level 9. HP: 27/37 MP: 8/19
  6428 | D:6      | Reached ** piety under Sif Muna
  7076 | D:7      | Found a runed translucent door.
  7077 | D:7      | Noticed Crazy Yiuf
  7085 | D:7      | Killed Crazy Yiuf
  7189 | D:7      | Noticed Pikel
  7201 | D:7      | Reached skill level 5 in Fire Magic
  7203 | D:7      | Killed Pikel
  7598 | D:7      | You fall into a shaft and drop 3 floors!
  7598 | D:10     | Entered Level 10 of the Dungeon
  7731 | D:10     | Reached skill level 7 in Spellcasting
  7844 | D:10     | Noticed Lodul
  7857 | D:10     | Killed Lodul
  7858 | D:10     | Reached XP level 10. HP: 40/41 MP: 0/22
  8230 | D:10     | Reached skill level 5 in Invocations
  8359 | D:10     | Found a glowing silver altar of Zin.
  8365 | D:10     | Found an ornate altar of the Wu Jian Council.
  8370 | D:10     | Found a sparkling altar of Nemelex Xobeh.
  8984 | D:8      | Reached skill level 8 in Spellcasting
  9116 | D:8      | Found a burning altar of Makhleb.
  9153 | D:8      | Learned a level 3 spell: Stone Arrow
  9181 | D:8      | Reached skill level 5 in Stealth
  9184 | D:8      | Reached *** piety under Sif Muna
  9185 | D:8      | Reached skill level 1 in Conjurations
  9315 | D:8      | Found a stormy altar of Qazlal.
  9635 | D:8      | Found a staircase to the Lair.
 10295 | D:8      | Reached XP level 11. HP: 45/45 MP: 6/24
 10516 | D:9      | Noticed a two-headed ogre
 10823 | D:9      | Found a staircase to the Orcish Mines.
 10829 | D:9      | Reached **** piety under Sif Muna
 10831 | D:9      | Reached skill level 9 in Spellcasting
 10904 | D:9      | Killed a two-headed ogre
 11283 | D:9      | Noticed a two-headed ogre
 11793 | D:9      | Killed a two-headed ogre
 11865 | D:9      | Noticed a two-headed ogre
 11870 | D:9      | Killed a two-headed ogre
 13245 | D:10     | Reached skill level 1 in Fighting
 13564 | D:11     | Reached ***** piety under Sif Muna
 13695 | D:11     | Learned a level 3 spell: Hailstorm
 13701 | D:11     | Learned a level 5 spell: Freezing Cloud
 13715 | D:11     | Noticed a boulder beetle
 13727 | D:11     | Killed a boulder beetle
 15010 | D:12     | Noticed a boulder beetle
 15010 | D:12     | Noticed a two-headed ogre
 15081 | D:12     | Killed a two-headed ogre
 15082 | D:12     | Reached skill level 10 in Spellcasting
 15628 | D:12     | Killed a boulder beetle
 15629 | D:12     | Reached skill level 5 in Conjurations
 15881 | Orc:1    | Entered Level 1 of the Orcish Mines
 15888 | Orc:1    | Gained mutation: Your thick and shaggy fur keeps you warm.
                  | (AC +3, rC+) [Felid growth]
 15888 | Orc:1    | Reached XP level 12. HP: 21/49 MP: 10/27
 16065 | Orc:1    | Received a gift from Sif Muna
 16719 | Orc:2    | Entered Level 2 of the Orcish Mines
 16941 | Orc:2    | Noticed an orc high priest
 16954 | Orc:2    | Killed an orc high priest
 17005 | Orc:2    | Reached skill level 1 in Air Magic
 17350 | Orc:2    | Noticed Nergalle
 17359 | Orc:2    | Killed Nergalle
 17359 | Orc:2    | Received a gift from Sif Muna
 17360 | Orc:2    | Got Sif Muna's Book of the Alluring Retinue {god gift}
 17369 | Orc:2    | Noticed an orc warlord
 17503 | Orc:1    | Learned a level 3 spell: Summon Guardian Golem
 17597 | Orc:2    | Found a staircase to the Elven Halls.
 17606 | Orc:2    | Noticed an orc warlord
 17883 | Orc:2    | Shot with a bolt by an orc warlord
 17884 | Orc:2    | Reached XP level 11. HP: -13/46 MP: 13/26
 17985 | Orc:2    | Killed an orc knight
 17986 | Orc:2    | Reached skill level 1 in Hexes
 18177 | Orc:2    | Killed an orc sorcerer
 18325 | Orc:2    | Paralysed by an orc sorcerer for 4 turns
 18337 | Orc:2    | Killed an orc sorcerer
 18338 | Orc:2    | Reached skill level 11 in Spellcasting
 18356 | Orc:2    | HP: 2/46 [themself (38)]
 18357 | Orc:2    | Killed an orc warlord
 18726 | Orc:2    | Found Eprug's Jewellery Shop.
 18732 | Orc:2    | Bought the amulet of Jokh {Reflect rElec Str+4 SH+5} for
                  | 524 gold pieces
 18742 | Orc:2    | Bought the ring of Yfewk {Fire *Slow rElec Int+4 Dex-4} for
                  | 334 gold pieces
 18772 | Orc:2    | Killed an orc warlord
 18866 | Orc:2    | Found Vopnyrov's General Store.
 18883 | Orc:2    | Found Ikey's Antique Weapon Shop.
 18900 | Orc:2    | Found Qinouc's Antique Armour Shop.
 19302 | Orc:2    | Killed an orc knight
 19303 | Orc:2    | Reached XP level 12. HP: 49/49 MP: 15/28
 19844 | D:13     | Noticed Frances
 19848 | D:13     | Noticed a centaur warrior
 19870 | D:13     | Noticed a centaur warrior
 19872 | D:13     | Killed Frances
 19874 | D:13     | Mangled by a skeletal warrior
 19875 | D:13     | Reached XP level 11. HP: -6/69 MP: 20/27
 19918 | D:13     | Killed a deep elf pyromancer
 19919 | D:13     | Reached skill level 5 in Dodging
 20008 | D:13     | Noticed a sixfirhy
 20022 | D:14     | Mangled by a meliai

Illustrated notes

Levels and vault maps discovered:
D:1:      ebering_trefoil_3fold, layout_loops_ring, minmay_indecisive_spiral
D:2:      layout_loops_ring, serial_shops, nicolae_shop_hallway_stairs,
          chequers_serial_rivers_small_b
D:3:      layout_basic, lightli_temple_of_fire
D:4:      layout_cave_pools, minmay_temple_entry_overgrown, bh_walls_and_bars
D:5:      layout_loops_cross, mainiacjoe_overflow_concentric_impassable,
          hangedman_abyss_or_decor_passed, uniq_blork_the_orc
D:6:      layout_basic, mainiacjoe_overflow_catwalk_spiral, minivault_1
D:7:      layout_layer_cave, uniq_pikel, uniq_crazy_yiuf_cottage
D:8:      layout_loops_ring, bloody_makhleb, lemuel_coloured_pillars_altar,
          erik_lair_dragon
D:9:      layout_layer_cave, david_orc_5
D:10:     layout_basic, minmay_overflow_temple_star_quad,
          serial_co_window_serial, co_window_corner_a, co_window_corner_a,
          co_window_paths_a, co_window_paths_a, co_window_paths_a,
          co_window_corner_b, co_window_corner_b, co_window_unsneaky_path_b,
          co_window_of_opportunity_b, co_window_sun, co_window_paths_d,
          glass_columns_a, uniq_lodul
D:11:     layout_basic
D:12:     layout_roguey
D:13:     layout_cave_pools, grunt_vaults_entry_fortified, serial_column_ruins,
          column_ruins_open_medium, column_ruins_grid_2, column_ruins_open_tiny,
          uniq_frances
D:14:     layout_rooms, cheibrodos_ashenzari_chains
Temple:   nicolae_temple_ecumenical_triangle
Orc:1:    layout_caves, mines2_david
Orc:2:    grunt_orc_cross, layout_diamond_mine

Skill      XL: |  1  2  3  4  5  6  7  8  9 10 11 12 |
---------------+-------------------------------------+-----
Ice Magic      | 4 5 6 7 8 |  8.6
Stealth        | 3 4 5 |  5.8
Dodging        | 3 4 5 |  5.0
Unarmed Combat | 1 2 |  2.3
Spellcasting   | 3 4 5 6 7 8 11 | 11.3
Fire Magic     | 1 2 4 6 7 8 |  8.9
Invocations    | 1 2 3 4 5 8 |  8.0
Summonings     | 2 3 4 |  4.6
Conjurations   | 3 5 |  5.4
Fighting       | 1 |  1.1
Air Magic      | 4 2 |  4.0
Hexes          | 3 |  3.9
Evocations     | |  0.6

Action                     |  1- 3 |  4- 6 |  7- 9 | 10-12 || total
---------------------------+-------+-------+-------+-------++-------
  Melee: Unarmed           |    38 |    18 |    27 |    31 ||   114
         Bite              |     4 |     1 |     3 |     6 ||    14
         Punch             |     1 |       |       |       ||     1
         Headbutt          |       |     5 |     7 |    10 ||    22
   Cast: Freeze            |    60 |    45 |    40 |    50 ||   195
         Frozen Ramparts   |       |     7 |    10 |    22 ||    39
         Ozocubu's Armour  |       |     3 |     7 |    19 ||    29
         Scorch            |       |       |    76 |   258 ||   334
         Summon Ice Beast  |       |       |     5 |    43 ||    48
         Flame Wave        |       |       |       |    19 ||    19
         Stone Arrow       |       |       |       |     3 ||     3
         Summon Guardian G |       |       |       |    20 ||    20
         Hailstorm         |       |       |       |    22 ||    22
         Freezing Cloud    |       |       |       |     4 ||     4
 Invoke: Channel Magic     |       |       |       |    10 ||    10
  Evoke: Wand              |       |       |     4 |     7 ||    11
    Use: Scroll            |     5 |     2 |     3 |    18 ||    28
         Potion            |       |     6 |     1 |    10 ||    17
   Stab: Sleeping          |     4 |     5 |     4 |     2 ||    15
         Distracted        |     1 |       |       |       ||     1
 Armour: Skin              |     3 |     3 |     7 |    37 ||    50
  Dodge: Dodged            |    67 |    48 |    74 |   151 ||   340
  Block: Other             |       |       |       |     5 ||     5

Table legend: (Time is in decaauts)
 A = Elapsed time spent in this place.
 B = Non-inter-level travel time spent in this place.
 C = Inter-level travel time spent in this place.
 D = Time resting spent in this place.
 E = Time spent auto-exploring this place.
 F = Levels seen in this place.
 G = Mean time per level.
                   A        B        C        D        E       F      G
               +--------+--------+--------+--------+--------+-----+--------+
         Total |  17655 |  16984 |    671 |    748 |  12034 |  17 | 1038.5 |
       Dungeon |  14278 |  13704 |    574 |    350 |  10498 |  14 | 1019.9 |
        Temple |     30 |     30 |      0 |      0 |      0 |   1 |   30.0 |
  Orcish Mines |   3346 |   3250 |     96 |    398 |   1535 |   2 | 1673.0 |
               +--------+--------+--------+--------+--------+-----+--------+

Top non-repeatable levels by time:
   Orc:2: 2256 daAuts
     D:9: 1657 daAuts
     D:8: 1443 daAuts
    D:10: 1429 daAuts
     D:6: 1417 daAuts
     D:7: 1315 daAuts
    D:12: 1219 daAuts
     D:5: 1168 daAuts
   Orc:1: 1090 daAuts
     D:3: 1018 daAuts
    D:11: 1015 daAuts
     D:1: 861 daAuts
     D:4: 787 daAuts
     D:2: 695 daAuts
    D:13: 242 daAuts
